 Dungeon Crawl Stone Soup version 0.19-a0-1905-ge8b2aad (webtiles) character file.

4094 lepiPlod666 the Thaumaturge (level 10, -1/44 HPs)
             Began as a Vine Stalker Wizard on Oct 19, 2016.
             Was an Initiate of Ashenzari.
             Slain by an ice beast (8 damage)
             ... on level 7 of the Dungeon on Oct 20, 2016.
             The game lasted 00:32:46 (6839 turns).

lepiPlod666 the Thaumaturge (Vine Stalker Wizard)   Turns: 6839, Time: 00:32:46

Health: -1/44      AC:  3    Str: 11    XL:     10   Next: 26%
Magic:  0/34       EV: 12    Int: 21    God:    Ashenzari [......]
Gold:   278        SH:  0    Dex:  9    Spells: 6 memorised, 16 levels left

rFire  . . .     SeeInvis .     I - +0 dagger (vamp)
rCold  . . .     Gourm    +     a - +0 robe
rNeg   . . .     Faith    .     (no shield)
rPois  .         Spirit   +     b - +0 hat
rElec  .         Reflect  .     r - +0 cloak
rCorr  .         Harm     .     (no gloves)
MR     +....                    (no boots)
Stlth  +++.......               F - amulet of the gourmand
                                t - -3 ring of dexterity (curse)
                                u - ring of magical power

@: repel missiles
A: fangs 3, regeneration 1, magic shield, antimagic bite, no device heal 3, rot
immunity
a: Curse Item, Renounce Religion


You were on level 7 of the Dungeon.
You worshipped Ashenzari.
Ashenzari was noncommittal.
You were very full.

You visited 2 branches of the dungeon, and saw 9 of its levels.

You collected 423 gold pieces.
You spent 145 gold pieces at shops.

Inventory:

Hand Weapons
 I - a +0 vampiric dagger (weapon)
Armour
 a - a +0 robe (worn)
 b - a +0 hat (worn)
 r - a +0 cloak (worn)
 H - a +0 large shield
Jewellery
 g - an uncursed ring of protection from cold
 s - an uncursed ring of ice
 t - a cursed -3 ring of dexterity (right hand)
 u - a ring of magical power (left hand)
 F - an amulet of the gourmand (around neck)
Wands
 e - a wand of flame (24/48)
Scrolls
 f - 4 scrolls of remove curse
 h - 13 scrolls of identify {unknown}
 k - 3 scrolls of fear {unknown}
 v - a scroll of teleportation {unknown}
 y - a scroll of fog {unknown}
 A - a scroll of random uselessness {unknown}
 B - a scroll of amnesia {unknown}
 C - a scroll of acquirement {unknown}
 D - 2 scrolls of enchant weapon {unknown}
 G - a scroll of magic mapping {unknown}
 K - 3 scrolls of immolation {unknown}
Potions
 i - a potion of brilliance {unknown}
 j - 2 potions of invisibility {unknown}
 l - 2 potions of agility {unknown}
 m - a potion of ambrosia {unknown}
 n - 2 potions of flight {unknown}
 o - a potion of curing {unknown}
 q - a potion of mutation {unknown}
 w - a potion of degeneration {unknown}
 x - 3 potions of lignification {unknown}
 z - a potion of resistance {unknown}
 E - 2 potions of cancellation {unknown}
Books
 c - a book of Minor Magic

   Spells                             Type                      Level
   a - Magic Dart                     Conjuration                  1
   b - Blink                          Translocation                2
   c - Call Imp                       Summoning                    2
   d - Repel Missiles                 Charms/Air                   2
   e - Slow                           Hexes                        2
   f - Conjure Flame                  Conjuration/Fire             3
   g - Mephitic Cloud                 Conjuration/Poison/Air       3
Comestibles
 d - 4 bread rations
 p - 2 fruits
 J - 2 chunks of flesh


   Skills:
 + Level 3.3 Short Blades
 - Level 1.5 Dodging
 + Level 5.5 Stealth
 + Level 10.1 Spellcasting
 + Level 9.6 Conjurations
 - Level 1.0 Summonings
 - Level 1.0 Translocations


You had 16 spell levels left.
You knew the following spells:

 Your Spells              Type           Power        Failure   Level  Hunger
a - Magic Dart            Conj           ####         1%          1    None
b - Blink                 Tloc           N/A          8%          2    None
c - Call Imp              Summ           ##......     8%          2    None
d - Repel Missiles        Chrm/Air       ##....       12%         2    None
e - Mephitic Cloud        Conj/Pois/Air  ###.....     6%          3    None
f - Conjure Flame         Conj/Fire      ####....     2%          3    None


Dungeon Overview and Level Annotations

Branches:
Dungeon (8/15)             Temple (1/1) D:7            Lair (0/6) D:8

Altars:
Ashenzari
Cheibriados
Dithmenos
Elyvilon
Fedhas
Gozag
Hepliaklqana
Kikubaaqudgha
Makhleb
Nemelex Xobeh
Okawaru
Qazlal
Ru
Trog
Vehumet
Yredelemnul
Zin
The Shining One

Shops:
D:5 [   D:6 *   D:8 (

Annotations:
D:8 Erica


Innate Abilities, Weirdness & Mutations

You have razor-sharp teeth.
Your natural rate of healing is unusually fast.
When hurt, damage is shared between your health and your magic reserves.
Your bite disrupts and absorbs the magic of your enemies.
Potions and wands cannot restore your health.
You are immune to rotting.


Message History

The ice beast is almost dead.
You closely miss the ice beast. Your bite misses the ice beast.
The ice beast is almost dead.
The ice beast barely misses you.
You hit the ice beast but do no damage.
The ice beast is almost dead.
The ice beast closely misses you.
You hit the ice beast.
The ice beast is almost dead.
The ice beast hits you but does no damage.
You barely miss the ice beast. Your bite misses the ice beast.
The ice beast is almost dead.
The ice beast hits you. The ice beast freezes you.
* * * LOW HITPOINT WARNING * * *
You hit the ice beast but do no damage. Your bite misses the ice beast.
The ice beast is almost dead.
The ice beast hits you.
* * * LOW HITPOINT WARNING * * *
The ice beast freezes you!
You die...

# ####### # #####.....### #
#...........# ### #
###....#...##.# #.. #
#..........##.# #.# #
#....#._.#[##.# #.# #
#.......)...#.####.#
##############).....#....#......#
.............'.Y@.......รท..[....(
######.#######....#..############
#.# ########........# ######'###
#....# #........# #........#
#....# #........##### #........#
#....# #........o.... #........#
#....###........##### #........#
#...............# #........#
###'#####.......#


You could see an ice beast.

Vanquished Creatures
  Pikel (D:5)
  A hill giant (D:7)
  Prince Ribbit (D:4)
  3 sky beasts
  2 slaves
  2 orc warriors (D:7)
  10 ogres
  A centaur (D:7)
  2 bullfrogs (D:6)
  3 scorpions
  3 wights (D:6)
  2 howler monkeys
  4 crimson imps
  4 hounds
  3 jellies
  3 bullfrog skeletons
  4 orc priests (D:7)
  3 orc wizards (D:7)
  A gnoll shaman (D:6)
  2 iguanas
  Natasha (twice) (D:2)
  8 worker ants
  A hound skeleton (D:5)
  2 worker ant zombies
  11 adders
  7 gnolls
  2 shadow imps
  An adder skeleton (D:7)
  A worm (D:4)
  2 leopard geckos
  9 orcs
  3 giant cockroaches
  3 goblins
  3 hobgoblins (D:2)
  2 jackals (D:6)
  2 quokkas
  3 bats
  3 frilled lizards
  2 jackal skeletons (D:4)
  5 kobolds
  7 rats
134 creatures vanquished.

Vanquished Creatures (collateral kills)
  A bullfrog (D:8)
  An iguana (D:4)
  A worker ant (D:7)
  A gnoll (D:4)
  2 adders
  2 worms
  An orc (D:8)
  A giant cockroach (D:4)
  2 bats
12 creatures vanquished.

Grand Total: 146 creatures vanquished

Notes
Turn   | Place    | Note
-------+----------+-------------------------------------------
     0 | D:1      | lepiPlod666 the Vine Stalker Wizard began the quest for the Orb.
     0 | D:1      | Reached XP level 1. HP: 9/9 MP: 5/5
   209 | D:1      | Reached XP level 2. HP: 13/13 MP: 7/7
   574 | D:2      | Reached XP level 3. HP: 2/16 MP: 0/9
   759 | D:2      | Learned a level 2 spell: Blink
   762 | D:2      | Learned a level 2 spell: Call Imp
   765 | D:2      | Learned a level 2 spell: Repel Missiles
   834 | D:2      | Reached skill level 4 in Spellcasting
   863 | D:2      | Found a burning altar of Makhleb.
  1272 | D:2      | Noticed Natasha
  1289 | D:2      | Killed Natasha
  1289 | D:2      | Gained mutation: Your natural rate of healing is unusually fast. [Vine Stalker growth]
  1289 | D:2      | Reached XP level 4. HP: 14/21 MP: 8/11
  1297 | D:2      | Learned a level 3 spell: Mephitic Cloud
  1526 | D:2      | Found a glowing golden altar of the Shining One.
  1558 | D:2      | Noticed Natasha
  1567 | D:2      | Killed Natasha
  1634 | D:3      | Reached XP level 5. HP: 24/24 MP: 10/12
  2023 | D:3      | Found a stormy altar of Qazlal.
  2071 | D:3      | Found an iron altar of Okawaru.
  2147 | D:4      | Found a sparkling altar of Nemelex Xobeh.
  2278 | D:4      | Reached skill level 5 in Spellcasting
  2336 | D:4      | Reached XP level 6. HP: 28/28 MP: 7/14
  2454 | D:4      | Found a white marble altar of Elyvilon.
  2459 | D:4      | Found a basalt altar of Yredelemnul.
  2644 | D:4      | Reached skill level 6 in Spellcasting
  2644 | D:4      | Reached XP level 7. HP: 30/32 MP: 5/17
  2906 | D:5      | Entered Level 5 of the Dungeon
  2906 | D:5      | Noticed Pikel
  3069 | D:4      | Reached skill level 5 in Conjurations
  3395 | D:5      | Learned a level 3 spell: Conjure Flame
  3411 | D:5      | Found Kimodgh's Armour Shop.
  3507 | D:5      | Reached skill level 7 in Spellcasting
  3507 | D:5      | Gained mutation: You have razor-sharp teeth. [Vine Stalker growth]
  3507 | D:5      | Reached XP level 8. HP: 33/36 MP: 19/19
  3530 | D:5      | Noticed Prince Ribbit
  3542 | D:4      | Killed Prince Ribbit
  3711 | D:5      | Killed Pikel
  3711 | D:5      | Reached skill level 8 in Spellcasting
  3922 | D:6      | Reached XP level 9. HP: 39/39 MP: 12/22
  3948 | D:6      | Found Beang's Assorted Antiques.
  3959 | D:6      | Bought a lumpy platinum amulet for 145 gold pieces
  4181 | D:6      | Reached skill level 9 in Spellcasting
  5100 | D:7      | Found a staircase to the Ecumenical Temple.
  5111 | Temple   | Entered the Ecumenical Temple
  5205 | Temple   | Became a worshipper of Ashenzari the Shackled
  5264 | D:7      | Found a radiant altar of Vehumet.
  5276 | D:7      | Reached skill level 1 in Short Blades
  5554 | D:7      | HP: 1/39 [orc priest/divine providence (11)]
  6016 | D:7      | Reached XP level 10. HP: 44/44 MP: 24/24
  6187 | D:7      | Noticed a hill giant
  6229 | D:7      | Killed a hill giant
  6229 | D:7      | Reached skill level 5 in Stealth
  6229 | D:7      | Reached skill level 10 in Spellcasting
  6264 | D:7      | Found a hazy altar of Hepliaklqana.
  6295 | D:7      | Upgraded the game from 0.19-a0-1896-g611e798 to 0.19-a0-1905-ge8b2aad
  6414 | D:8      | Found Huuwen's Weapon Shoppe.
  6427 | D:8      | Noticed Erica
  6439 | D:8      | Found a staircase to the Lair.
  6775 | D:8      | HP: 1/44 [ice beast (7)]
  6839 | D:7      | Slain by an ice beast

Vault maps used:
D:1:      dpeg_arrival_boxorama, hangedman_decor_peaks_small
D:2:      lemuel_crystal_altar, tso_altar, uniq_natasha
D:3:      lemuel_coloured_pillars_altar, moated_statue,
          nicolae_qazlal_eye_of_the_storm
D:4:      grunt_temple_overflow_open, first_bread
D:5:      serial_shops, kennysheep_mini, uniq_prince_ribbit1, uniq_pikel
D:6:      serial_shops, shop, serial_bayou_pond_c
D:7:      kennysheep_mini_moat, vehumet_altar_wand_db
D:8:      lemuel_ice_spiral_2, minitemple, lair_0_dummy, serial_shops, shop,
          uniq_erica
Temple:   dpeg_three_leaves_temple

Skill      XL: |  1  2  3  4  5  6  7  8  9 10 |
---------------+-------------------------------+-----
Conjurations   | 2 3 4 6 7 9 |  9.6
Spellcasting   | 4 5 6 7 8 9 10 | 10.1
Short Blades   | 2 3 |  3.3
Stealth        | 4 5 |  5.5
Dodging        | |  1.5
Summonings     | |  1.0
Translocations | |  1.0

Action                   |  1- 3 |  4- 6 |  7- 9 | 10-12 || total
-------------------------+-------+-------+-------+-------++-------
Melee: Dagger            |    57 |   101 |   327 |    82 ||   567
       Bite              |    10 |    23 |    69 |    11 ||   113
       Short sword       |       |       |    10 |       ||    10
       Long sword        |       |       |     8 |       ||     8
 Cast: Magic Dart        |    23 |    41 |   243 |    69 ||   376
       Call Imp          |     3 |     8 |     7 |    12 ||    30
       Repel Missiles    |     1 |       |       |     1 ||     2
       Mephitic Cloud    |       |     4 |    23 |     5 ||    32
       Blink             |       |     1 |     1 |     2 ||     4
       Conjure Flame     |       |       |     8 |     2 ||    10
 Stab: Sleeping          |     6 |     2 |     2 |       ||    10
       Confused          |       |     5 |     8 |     1 ||    14
       Distracted        |       |     2 |       |     1 ||     3
  Eat: Chunk             |     1 |     5 |    32 |     2 ||    40
Armor: Robe              |     9 |    17 |    33 |    21 ||    80
Dodge: Dodged            |    22 |    58 |   184 |    63 ||   327
       Deflected         |       |     1 |       |       ||     1
       Rpst.: Long sword |       |       |     2 |       ||     2
